 Dungeon Crawl Stone Soup version 0.28.0-45-g0d030f2227 (webtiles) character file.

Game seed: 4736725842878188606

51 pkoi the Chiller (level 3, -20/26 HPs)
             Began as a Demigod Ice Elementalist on Apr 14, 2022.
             Blown up by Ijyb (22 damage)
             ... with a mindburst bolt
             ... on level 2 of the Dungeon.
             The game lasted 00:03:51 (1902 turns).

pkoi the Chiller (Demigod Ice Elementalist)         Turns: 1902, Time: 00:03:52

Health: -20/26     AC:  2    Str: 15    XL:     3   Next: 38%
Magic:  8/9        EV: 12    Int: 21    God:
Gold:   18         SH:  0    Dex: 14    Spells: 2/6 levels left

rFire   . . .      SeeInvis .   d - +0 dagger
rCold   . . .      Faith    .   (no shield)
rNeg    . . .      Spirit   .   a - +0 robe
rPois   .          Reflect  .   (no helmet)
rElec   .          Harm     .   (no cloak)
rCorr   .          Rampage  .   (no gloves)
Will    .....                   (no boots)
Stlth   ++........              (no amulet)
HPRegen 0.08/turn               f - +6 ring of strength
MPRegen 0.11/turn               (no ring)

@: no status effects
A: high MP 1, forlorn, divine attributes
a: no special abilities


You were on level 2 of the Dungeon.
You visited 1 branch of the dungeon, and saw 2 of its levels.

You collected 18 gold pieces.

Inventory:

Hand Weapons
 d - a +0 dagger (weapon)
Armour
 a - a +0 robe (worn)
Jewellery
 f - a +6 ring of strength (left hand)
 j - a ring of resist corrosion
Scrolls
 c - a scroll of noise {unknown}
 e - a scroll of identify {unknown}
 g - a scroll of fear {unknown}
 h - a scroll of amnesia {unknown}
Potions
 b - a potion of lignification {unknown}
 i - a potion of heal wounds {unknown}


   Skills:
 + Level 0.1 Short Blades
 - Level 2.3 Dodging
 + Level 2.4 Stealth
 - Level 2.2 Spellcasting
 * Level 4.0 Ice Magic


You had 2 spell levels left.
You knew the following spells:

 Your Spells              Type           Power      Damage    Failure   Level
a - Freeze                Ice            76%        1d9       2%          1
b - Frozen Ramparts       Ice            38%        1d5       9%          3

Your spell library contained the following spells:

 Spells                   Type           Power      Damage    Failure   Level
 Ozocubu's Armour         Ice            19%        N/A       9%          3
 Hailstorm                Conj/Ice       10%        3d5       54%         4


Dungeon Overview and Level Annotations

Branches:
Dungeon (2/15)

Shops:
D:1 (

Annotations:
D:2 Ijyb


Innate Abilities, Weirdness & Mutations

You have an increased reservoir of magic. (+10% MP)
You shall have no god before yourself.
Your divine heritage dramatically boosts your attributes as you level up.


Message History

Key pressed, stopping explore.
Done exploring.
Done exploring.
(D) Dungeon
Where to? (? - help)
There is a stone staircase leading down here.
You climb downwards.
There is a stone staircase leading up here.
There is a stone staircase leading up here.
Found 24 sling bullets. 2 goblins come into view.
Found a forked bone wand.
There are monsters nearby! 4 goblins come into view.
The goblin shouts! x2
Ijyb the Twisted Goblin comes into view.
She is wielding a +0 club and carrying a wand of mindburst (7).
Ijyb shouts!
The goblin shouts!
Unknown command.
Ijyb screams, "I dance on your bones!"
Casting: Freeze (safe; 2% risk of failure)
Confirm with . or Enter, or press ? or * to list all spells.
The spell is quite dangerous to miscast (9% risk of failure)!
Continue anyway?
Okay, then.
Unknown command.
Casting: Frozen Ramparts (quite dangerous; 9% risk of failure)
Confirm with . or Enter, or press ? or * to list all spells.
Okay, then.
Unknown command.
You freeze the goblin.
You kill the goblin!
You freeze the goblin!
You kill the goblin!
Ijyb zaps a wand.
Your mind is blasted!
Ouch! That really hurt!
* * * LOW HITPOINT WARNING * * *
Ijyb zaps a wand.
Your mind is blasted!
* * * LOW HITPOINT WARNING * * *
Ijyb zaps a wand.
Your mind is blasted!
Ouch! That really hurt!
You die...

######### ##...#...##
#####......<..##
####..............#
########^......@.........#
...........##...........#
###.####g##..##.........##
.........###.###...#...##
####....## #......######
####..# ######... ##.####
#####.. #....#####...$..
#.(..g)gg..#


You could see Ijyb.

Vanquished Creatures
  A gnoll (D:1)
  A dart slug (D:1)
  2 ball pythons (D:1)
  5 endoplasms (D:1)
  A giant cockroach (D:1)
  5 goblins
  5 hobgoblins (D:1)
  2 jackals (D:1)
  3 kobolds (D:1)
  A quokka (D:1)
  4 bats (D:1)
  3 frilled lizards (D:1)
  2 rats (D:1)
35 creatures vanquished.

Notes
Turn   | Place    | Note
-------+----------+-------------------------------------------
     0 | D:1      | pkoi the Demigod Ice Elementalist began the quest for the
                  | Orb.
     0 | D:1      | Reached XP level 1. HP: 14/14 MP: 5/5
   336 | D:1      | Reached XP level 2. HP: 19/20 MP: 2/7
  1349 | D:1      | Reached XP level 3. HP: 26/26 MP: 8/8
  1353 | D:1      | Learned a level 3 spell: Frozen Ramparts
  1433 | D:1      | Found Wufuon's Antique Weapon Emporium.
  1572 | D:1      | Reached skill level 4 in Ice Magic
  1877 | D:2      | Noticed Ijyb
  1890 | D:2      | HP: 1/26 [disintegration (3)]
  1902 | D:2      | Blown up by Ijyb

Illustrated notes

Levels and vault maps discovered:
D:1:      tarquinn_simple_flora_water_a, layout_loops_ring, serial_shops,
          nicolae_shop_stone, shapermc_ecumenical_altar_totnotflames,
          st_stairs_14, minmay_tetromino_s4
D:2:      kennysheep_the_goblin_king, layout_rooms, amcnicky_mini_pool_small,
          small_statue_intersection

Skill      XL: |  1  2  3 |
---------------+----------+-----
Stealth        | 2 |  2.4
Dodging        | 2 |  2.3
Spellcasting   | 2 |  2.2
Ice Magic      | 4 |  4.0
Short Blades   | |  0.1

Action                   || total
-------------------------++-------
Melee: Dagger            ||    16
 Cast: Freeze            ||    50
 Stab: Sleeping          ||     3
Armor: Robe              ||    12
Dodge: Dodged            ||    40
